 Dungeon Crawl Stone Soup version 0.28.0 (webtiles) character file.

Game seed: 5793905715851923144

68 crazypyro the Cudgeller (level 4, -4/43 (48) HPs)
             Began as an Ogre Monk on Feb 14, 2022.
             Was a Priest of Fedhas.
             Slain by a wight (6 damage)
             ... on level 3 of the Dungeon.
             The game lasted 00:03:17 (2878 turns).

crazypyro the Cudgeller (Ogre Monk)                 Turns: 2878, Time: 00:03:18

HP:   -4/43 (48)    AC:  3    Str: 17    XL:     4   Next: 19%
MP:   0/4           EV: 10    Int: 11    God:    Fedhas [***...]
Gold: 124           SH:  0    Dex: 11    Spells: 3/3 levels left

rFire   . . .      SeeInvis .   j - +0 flail
rCold   . . .      Faith    .   (no shield)
rNeg    . . .      Spirit   +   b - +0 robe
rPois   .          Reflect  .   (helmet restricted)
rElec   .          Harm     .   (no cloak)
rCorr   +          Rampage  .   (gloves unavailable)
Will    .....                   (boots unavailable)
Stlth   ++........              c - amulet of guardian spirit
HPRegen 0.14/turn               i - ring of resist corrosion
MPRegen 0.09/turn               (no ring)

@: heavily drained
A: large, unfitting armour, tough skin 1
a: Renounce Religion, Wall of Briars, Grow Ballistomycete


You were on level 3 of the Dungeon.
You worshipped Fedhas.
Fedhas was most pleased with you.
You visited 1 branch of the dungeon, and saw 3 of its levels.

You collected 124 gold pieces.

Inventory:

Hand Weapons
 a - a +0 mace
 j - a +0 flail (weapon)
Armour
 b - a +0 robe (worn)
Jewellery
 c - an amulet of guardian spirit (around neck)
 i - a ring of resist corrosion (left hand)
Scrolls
 d - 3 scrolls of teleportation {unknown}
 f - 2 scrolls of identify {unknown}
 k - a scroll of enchant armour {unknown}
Potions
 e - a potion of brilliance {unknown}
 g - 2 potions of heal wounds {unknown}
 h - a potion of degeneration {unknown}


   Skills:
 - Level 4.1 Fighting
 * Level 4.3 Maces & Flails
 - Level 2.7 Dodging
 - Level 1.4 Stealth


You had 3 spell levels left.
You didn't know any spells.
Your spell library contained the following spells:

 Spells                   Type           Power      Damage    Failure   Level
 Ensorcelled Hibernation  Hex/Ice        0%         N/A       47%         2
 Passwall                 Tmut/Erth      0%         N/A       47%         2
 Swiftness                Air            0%         N/A       71%         3


Dungeon Overview and Level Annotations

Branches:
Dungeon (3/15)

Altars:
Fedhas


Innate Abilities, Weirdness & Mutations

You are too large for most types of armour.
You have tough skin. (AC +1)


Message History

Fedhas appreciates your contribution to the ecosystem.
No target in view!
No target in view!
Found a scroll labelled UPLAIL SUZXELA.
Things that are here:
a +0 dagger; a quokka corpse 2 wights come into view.
You see here a viscous puce potion.
There are monsters nearby!
There are monsters nearby!
You see here a viscous puce potion.
Aiming: Grow Ballistomycete (65% risk of failure)
Press: ? - help, Dir - move target You fail to use your ability.
You hit the wight but do no damage. The wight hits you with a +0 hand axe.
You closely miss the wight. The wight barely misses you.
The wight hits you with a +0 hand axe. The wight hits you with a +3 spear.
You hit the wight but do no damage. The wight hits you with a +0 hand axe!
The wight hits you with a +3 spear.
You feel drained.
You hit the wight but do no damage. The wight hits you with a +0 hand axe.
The wight misses you. The wight closely misses you.
You hit the wight.
The wight is lightly damaged.
The wight barely misses you. The wight hits you with a +0 hand axe!
You feel drained. The wight hits you with a +3 spear!
* * * LOW HITPOINT WARNING * * *
You hit the wight.
The wight is moderately damaged.
The wight hits you with a +0 hand axe.
* * * LOW HITPOINT WARNING * * *
You feel drained. The wight hits you with a +3 spear!
* * * LOW HITPOINT WARNING * * *
You feel drained.
* * * LOW HITPOINT WARNING * * *
Unknown command.
Unknown command.
Unknown command.
You barely miss the wight. The wight hits you with a +0 hand axe.
You die...
Fedhas appreciates your contribution to the ecosystem.

..# #.# #.# #.# #.# #.# ##
#.# #.###z# #...@######
######
##)..z..<.######.....
.......##.............####
......# ######.########
....#. #.# ... .
#.########### .. .#
#..........># . ..
###########.# ?. #.#


You could see 2 wights.

Vanquished Creatures
  A worm (D:2)
  2 dart slugs
  5 orcs (D:3)
  8 endoplasms
  3 giant cockroaches
  2 goblins (D:2)
  7 hobgoblins
  6 quokkas
  6 ball pythons (D:1)
  2 bats
  A frilled lizard (D:1)
  A kobold (D:1)
  3 rats
47 creatures vanquished.

Notes
Turn   | Place    | Note
-------+----------+-------------------------------------------
     0 | D:1      | crazypyro the Ogre Monk began the quest for the Orb.
     0 | D:1      | Reached XP level 1. HP: 24/24 MP: 1/1
   401 | D:1      | Reached XP level 2. HP: 24/32 MP: 2/2
   534 | D:1      | Found a faded altar of an unknown god.
   549 | D:1      | Prayed at the altar of an unknown god.
   549 | D:1      | Became a worshipper of Fedhas Madash
   549 | D:1      | Reached * piety under Fedhas
   549 | D:1      | Reached ** piety under Fedhas
   956 | D:1      | Reached XP level 3. HP: 34/39 MP: 3/3
   961 | D:1      | Reached *** piety under Fedhas
  1705 | D:2      | Identified the +0 leather armour "Tauv" {rElec Will+
                  | Stlth+}
  2645 | D:3      | Reached XP level 4. HP: 48/48 MP: 4/4
  2877 | D:3      | HP: 2/44 [wight (7)]
  2878 | D:3      | Slain by a wight

Illustrated notes

Levels and vault maps discovered:
D:1:      minmay_arrival_shattered_statue, layout_loops_corners,
          nicolae_ecumenical_snake_handling
D:2:      layout_loops_ring, dk_noncrumbling_2, st_stairs_8
D:3:      layout_loops_ring, roderic_roman_lattice, dk_vineyard_2,
          hangedman_abyss_or_decor_stabs

Skill      XL: |  1  2  3 |
---------------+----------+-----
Maces & Flails | 3 4 |  4.3
Fighting       | |  4.1
Dodging        | |  2.7
Stealth        | |  1.4

Action                   |  1- 3 |  4- 6 || total
-------------------------+-------+-------++-------
Melee: Mace              |   142 |     9 ||   151
       Flail             |       |    13 ||    13
 Stab: Sleeping          |     7 |       ||     7
Armor: Robe              |    43 |     3 ||    46
Dodge: Dodged            |    68 |    13 ||    81
